 Dungeon Crawl Stone Soup version 0.16-a0-1529-gf034e03 (webtiles) character file.

148 Psiweapon the Cudgeler (level 5, -3/45 HPs)
             Began as a Draconian Fighter on Oct 21, 2014.
             Slain by a sky beast (6 damage)
             ... on level 3 of the Dungeon.
             The game lasted 00:08:03 (2183 turns).

Psiweapon the Cudgeler (Draconian Fighter)          Turns: 2183, Time: 00:08:03

Health: -3/45      AC:  8    Str: 18    XL:     5   Next: 8%
Magic:  5/5        EV: 10    Int:  9    God:
Gold:   89         SH:  9    Dex: 11    Spells: 0 memorised, 4 levels left

rFire  . . .     SeeInvis .     a - +0 flail
rCold  . . .     Clarity  .     (armour unavailable)
rNeg   . . .     SustAb   .     c - +0 shield
rPois  .         Gourm    .     (helmet restricted)
rElec  .         Spirit   .     s - +0 cloak
rCorr  +         Warding  .     v - +0 pair of gloves
rMut   .         Stasis   .     d - +0 pair of boots
MR     .....                    p - amulet of resist corrosion
Stlth  +.........               (no ring)
                                (no ring)

@: not resistant to hostile enchantments, very unstealthy
A: unfitting armour, cold-blooded, AC +5
a: no special abilities


You were on level 3 of the Dungeon.
You were not hungry.

You visited 1 branch of the dungeon, and saw 3 of its levels.

You collected 89 gold pieces.

Inventory:

Hand weapons
 a - a +0 flail (weapon)
 b - a +0 hunting sling
Missiles
 l - 51 stones (quivered)
 w - 3 tomahawks
 y - 12 poisoned needles
Armour
 c - a +0 shield (worn)
 d - a +0 pair of boots (worn)
 s - a +0 cloak (worn)
 v - a +0 pair of gloves (worn)
Jewellery
 p - an amulet of resist corrosion (around neck)
Scrolls
 h - 8 scrolls of identify {unknown}
 j - 2 scrolls of teleportation {unknown}
 k - 2 scrolls of enchant weapon {unknown}
 o - a scroll of magic mapping {unknown}
 q - 5 scrolls of remove curse {unknown}
 t - a scroll of immolation {unknown}
 x - a scroll of noise {unknown}
 A - a scroll of recharging {unknown}
 C - a scroll of random uselessness {unknown}
Potions
 e - a potion of might
 g - a potion of invisibility {unknown}
 i - a potion of agility {unknown}
 r - a potion of restore abilities {unknown}
 u - a potion of brilliance {unknown}
Comestibles
 f - 2 bread rations
 m - a royal jelly
 n - a meat ration
 z - 11 fruits
 B - a chunk of flesh


   Skills:
 + Level 3.5 Fighting
 - Level 5.1 Maces & Flails
 - Level 2.7 Dodging
 - Level 3.0 Shields


You had 4 spell levels left.
You didn't know any spells.

Dungeon Overview and Level Annotations

Branches:
Dungeon (3/15)

Altars:


Innate Abilities, Weirdness & Mutations

Your plain brown scales are hard (AC +5).
Your body does not fit into most forms of armour.
Your cold-blooded metabolism reacts poorly to cold.


Message History

You block the sky beast's attack.
The sky beast flickers out of sight!
Deactivating autopickup; reactivate with Ctrl-A.
Something hits you but does no damage.
You barely miss something. You block its attack.
You closely miss something. Something hits you. Something shocks you.
* * * LOW HITPOINT WARNING * * *
You barely miss something. Something hits you but does no damage.
You hit something. Something hits you.
* * * LOW HITPOINT WARNING * * *
Something shocks you.
* * * LOW HITPOINT WARNING * * *
You miss something. Something completely misses you.
Something hits you but does no damage.
You miss something. You tail-slap something.
Something hits you but does no damage.
You closely miss something.
Your tail-slap misses something.
Something hits you.
* * * LOW HITPOINT WARNING * * *
Something shocks you.
You die...

....<#
#.###.###.#.######
.###.# #.##.##
##........ .# #.#
#.###.###.########
.###.# #.# ##.#..#
.....# #.# ##.#.#
##.### #.# ###.#
##.## #.# #.# ###
##.# #{# #.# ##.##
#.# ##@## #.#
#.... ##.# #...#
#.# ##.## ##..#
###.#.# #.## #.#
##.#.# ####...#...
#..# #.# ..##.#
#....#####.#
##.####.## .###.#
#.##...# .#
#........ .# #.#
#.####.# #
#.####.## .#
#.#####.# ... #.#
#.# .# #....##.#
### #.# #.#


There were no monsters in sight!

Vanquished Creatures
  2 orc wizards (D:3)
  3 adders
  3 worms
  A giant gecko (D:3)
  An ooze (D:3)
  6 orcs (D:3)
  A bat skeleton (D:3)
  4 goblins
  4 hobgoblins
  3 jackals (D:3)
  A quokka (D:3)
  3 bats
  3 giant newts
  4 kobolds
  9 rats
48 creatures vanquished.

Notes
Turn   | Place    | Note
--------------------------------------------------------------
     0 | D:1      | Psiweapon, the Draconian Fighter, began the quest for the Orb.
     0 | D:1      | Reached XP level 1. HP: 19/19 MP: 1/1
   188 | D:1      | Reached XP level 2. HP: 26/26 MP: 2/2
   808 | D:2      | Reached XP level 3. HP: 31/31 MP: 3/3
  1250 | D:2      | Reached skill level 4 in Maces & Flails
  1422 | D:3      | Reached XP level 4. HP: 22/38 MP: 4/4
  1822 | D:3      | Reached skill level 5 in Maces & Flails
  2018 | D:3      | Reached XP level 5. HP: 45/45 MP: 5/5
  2164 | D:3      | Noticed a sky beast
  2183 | D:3      | Slain by a sky beast

Action                   |  1- 3 |  4- 6 || total
-------------------------+-------+-------++-------
Melee: Flail             |    75 |    76 ||   151
 Fire: Hunting sling     |    28 |    25 ||    53
  Eat: Chunk             |     2 |     2 ||     4
